 Dungeon Crawl Stone Soup version 0.18-a0-1485-g189885c (webtiles) character file.

86275 Sargon the Brawler (level 15, -5/167 HPs)
             Began as a Troll Monk on Mar 3, 2016.
             Was the Champion of Yredelemnul.
             Slain by a greater naga
             ... wielding a +0 halberd
              (29 damage)
             ... on level 4 of the Snake Pit.
             The game lasted 03:11:42 (26245 turns).

Sargon the Brawler (Troll Monk)                    Turns: 26245, Time: 03:11:42

Health: -5/167     AC: 13    Str: 27 (28) XL:     15   Next: 40%
Magic:  24/24      EV:  7    Int:  5      God:    Yredelemnul [******]
Gold:   2312       SH: 18    Dex: 11 (16) Spells: 0 memorised, 14 levels left

rFire  + + .     SeeInvis .       - Unarmed
rCold  + . .     Gourm    +     a - +2 robe {rF+}
rNeg   . . .     Faith    .     o - +0 large shield
rPois  +         Spirit   .     (helmet restricted)
rElec  +         Dismiss  .     v - +2 cloak {MR+}
rCorr  .         Reflect  .     (gloves unavailable)
SustAt .         Harm     .     (boots unavailable)
MR     ++...     Rnd*Tele +     R - amulet of regeneration
Stlth  ++........               z - ring of the Snail {rElec rPois rF+ Str+3}
                                s - ring of protection from cold

@: constricted, studying Maces & Flails, very resistant to hostile enchantments,
unstealthy
A: unfitting armour, claws 3, hooves 1, icy blue scales 2, camouflage 1,
deterioration 2, dopey 1, fast metabolism 3, gourmand, sense surroundings 1,
regeneration 2, robust 1, shaggy fur 1, strong 1, teleportitis 1, tough skin 2,
subdued magic 1
a: Recall Undead Slaves, Injury Mirror, Animate Dead, Drain Life, Enslave Soul,
Renounce Religion


You were on level 4 of the Snake Pit.
You worshipped Yredelemnul.
Yredelemnul was exalted by your worship.
You were not hungry.

You visited 5 branches of the dungeon, and saw 28 of its levels.
You also visited: Labyrinth, Ice Cave and Volcano.

You collected 2732 gold pieces.
You spent 420 gold pieces at shops.

Inventory:

Missiles
 F - 13 large rocks (quivered)
Armour
 a - a +2 robe of fire resistance (worn)
 o - a +0 large shield (worn)
 v - a +2 cloak of magic resistance (worn)
Jewellery
 s - a ring of protection from cold (left claw)
 z - the ring of the Snail (right claw) {rElec rPois rF+ Str+3}
   (You found it on level 2 of the Snake Pit)

   [ring of strength]

   It affects your strength (+3).
   It protects you from fire.
   It insulates you from electricity.
   It protects you from poison.
 L - an uncursed ring of resist corrosion
 R - an amulet of regeneration (around neck)
Wands
 f - a wand of digging (24/24)
 j - a wand of slowing (28/48)
 U - a wand of confusion (37/48)
 X - a wand of lightning (3/15)
Scrolls
 c - 3 scrolls of amnesia
 h - 6 scrolls of teleportation
 k - 13 scrolls of remove curse
 n - 20 scrolls of identify
 r - 3 scrolls of fear
 t - 3 scrolls of blinking
 x - 2 scrolls of enchant weapon
 y - 5 scrolls of magic mapping
 A - 3 scrolls of enchant armour
 C - a scroll of noise
 G - 4 scrolls of recharging
 J - a scroll of summoning
 K - 4 scrolls of silence
 V - 2 scrolls of fog
Potions
 e - 7 potions of curing
 i - 2 potions of might
 l - a potion of ambrosia {unknown}
 p - 2 potions of cure mutation {unknown}
 q - a potion of berserk rage {unknown}
 u - a potion of flight
 B - a potion of lignification
 E - 3 potions of brilliance {unknown}
 N - 3 potions of invisibility
 S - 2 potions of cancellation
 W - 2 potions of agility
Books
 d - a manual of Maces & Flails
 w - a book of Changes

   Spells                             Type                      Level
   a - Beastly Appendage              Transmutation                1
   b - Sticks to Snakes               Transmutation                2
   c - Spider Form                    Transmutation/Poison         3
   d - Ice Form                       Ice/Transmutation            4
   e - Blade Hands                    Transmutation                5
 D - a book of Debilitation

   Spells                             Type                      Level
   a - Corona                         Hexes                        1
   b - Slow                           Hexes                        2
   c - Gell's Gravitas                Hexes/Translocation          3
   d - Inner Flame                    Hexes/Fire                   3
   e - Cause Fear                     Hexes                        4
   f - Leda's Liquefaction            Hexes/Earth                  4
 O - a book of Geomancy

   Spells                             Type                      Level
   a - Sandblast                      Earth                        1
   b - Passwall                       Transmutation/Earth          2
   c - Stone Arrow                    Conjuration/Earth            3
   d - Petrify                        Transmutation/Earth          4
   e - Lee's Rapid Deconstruction     Earth                        5
 Y - a book of the Dragon

   Spells                             Type                      Level
   a - Flame Tongue                   Conjuration/Fire             1
   b - Cause Fear                     Hexes                        4
   c - Bolt of Fire                   Conjuration/Fire             6
   d - Dragon Form                    Transmutation                7
   e - Dragon's Call                  Summoning                    9
Miscellaneous
 Q - a box of beasts
Comestibles
 b - 14 bread rations
 g - 5 slices of pizza
 m - 11 meat rations
 H - 39 fruits


   Skills:
 + Level 10.5 Fighting
 - Level 8.0 Dodging
 - Level 1.1 Stealth
 - Level 9.1 Shields
 - Level 15.1 Unarmed Combat
 - Level 13.4 Invocations


You had 14 spell levels left.
You didn't know any spells.

Dungeon Overview and Level Annotations

Branches:
Dungeon (13/15)            Temple (1/1) D:5            Lair (8/8) D:9
 Shoals (0/4) Lair:5        Snake (4/4) Lair:4        Slime (0/6) Lair:6
    Orc (2/2) D:11            Elf (0/3) Orc:2        Vaults (0/5) D:13

Altars:
Ashenzari
Cheibriados
Dithmenos
Elyvilon
Fedhas
Gozag
Kikubaaqudgha
Makhleb
Nemelex Xobeh
Okawaru
Pakellas
Qazlal
Ru
Sif Muna
Trog
Vehumet
Xom
Yredelemnul
Zin
The Shining One

Shops:
D:4 (   D:11 :   Orc:2 :(*[


Innate Abilities, Weirdness & Mutations

You are too large for most types of armour.
You have claws for hands.
Your metabolism is lightning-fast.
You like to eat raw meat.
You heal very quickly.
You are covered in fur (AC +1).
You have very tough skin (AC +2).
You have large cloven feet.
You are mostly covered in icy blue scales (AC +3, EV -1).
Your skin changes colour to match your surroundings (Stealth).
Your body often deteriorates upon taking damage.
You are dopey. (Int -2)
You passively map a small area around you.
You are robust (+10% HP).
Your muscles are strong. (Str +2)
You are occasionally teleported next to monsters.
Your spells are a little easier to cast, but a little less powerful.


Message History

The naga mage hits your ghoul with a spear.
The naga mage barely misses your ghoul. The anaconda grabs you.
The anaconda bites you but does no damage.
* * * LOW HITPOINT WARNING * * *
The anaconda constricts you.
Your ghoul claws the naga sharpshooter!!
Your ghoul claws the naga sharpshooter.
A black mamba comes into view.
You miss the anaconda.
The black mamba hisses angrily.
Your kick misses the anaconda.
The greater naga is no longer moving quickly.
You block the anaconda's attack.
* * * LOW HITPOINT WARNING * * *
The anaconda constricts you.
The naga mage hits your ghoul with a spear!
The naga mage grabs your ghoul. The naga mage constricts your ghoul.
The greater naga hits you from afar with a halberd!!
You die...
Your body rises from the dead as a mindless zombie.

, * * #...... * , P≈≈
#.#.....#*,, * ,, * ≈≈≈
#.#.....+ 8 ≈≈♣###.#...<.#
,,* * ≈♣≈...N....S.Z#* .
♣♣..###.###.### , * ..
♣...# #.# #S# * * *
..≈♣...###.###S#########*,
.....#..)NNnNSNS@....S.N ,
,, #..###..######....$# ,
###..†##)..#### ##### , *
#..n(..).....?# ,
,#.............#, *** *
#..().N.......# ,
,#.N..#.....#..# ,
#..NZ.N.....%.# *
,##((#)(.N....##, ,


You could see 2 naga warriors, a greater naga, a naga sharpshooter, an anaconda,
a shock serpent, 2 black mambas, a naga mage and a friendly ghoul.

Vanquished Creatures
  A minotaur (Lab)
  Snorg (Orc:2)
  Josephine (D:11)
  2 catoblepae (Lair:8)
  Erica (D:10)
  2 centaur warriors (D:13)
  An anaconda (Snake:2)
  5 death yaks (Lair:8)
  A shock serpent (Snake:2)
  An orc high priest (Orc:2)
  An iron troll (D:13)
  3 hill giants
  A lindwurm (Lair:6)
  An orc knight (D:9)
  A wolf spider zombie (D:12)
  An oklob plant (Lair:7)
  2 cyclopes
  A griffon (Lair:4)
  An orc sorcerer (Orc:2)
  2 elephants
  6 black mambas
  2 ice statues (IceCv)
  Joseph (D:10)
  The ghost of Ratboiler the Cleaver, a novice MiAr of Gozag (D:5)
  A molten gargoyle (Volcano)
  A naga mage (Snake:3)
  Maurice (D:10)
  6 spiny frogs
  A gargoyle (Volcano)
  A komodo dragon (Lair:8)
  11 ice devils (IceCv)
  A tengu conjurer (D:13)
  2 trolls (D:12)
  3 two-headed ogres
  6 blink frogs
  A slime creature (Lair:6)
  A minotaur skeleton (Lab)
  A raiju (shapeshifter) (D:13)
  A redback (Lab)
  3 wraiths (D:11)
  2 basilisks
  33 yaks
  4 fire elementals (Volcano)
  7 hippogriffs
  A hungry ghost (D:8)
  Menkaure (D:4)
  Edmund (D:4)
  9 wargs
  7 wolves
  A soldier ant (D:12)
  4 nagas
  4 water moccasins
  3 porcupines
  7 ice beasts
  9 orc warriors
  4 sky beasts
  A phantom (D:5)
  2 necrophages (D:10)
  A black bear (D:9)
  5 ogres
  9 centaurs
  7 crocodiles
  11 giant frogs
  6 big kobolds
  A water moccasin skeleton (D:9)
  The ghost of Sargon the Skirmisher, a weakling TrFi (D:4)
  5 scorpions
  4 killer bees (D:11)
  9 wights
  6 howler monkeys
  2 electric eels
  A spriggan skeleton (Lab)
  4 crimson imps
  A wasp zombie (D:9)
  2 hounds
  3 giant frog zombies
  3 jellies
  9 orc priests
  2 centaur skeletons (Lab)
  8 orc wizards
  9 iguanas
  7 worker ants
  4 sheep
  9 adders
  27 river rats
  4 shadow imps
  4 white imps (IceCv)
  10 ufetubi (IceCv)
  5 worms
  3 dart slugs (D:1)
  4 giant geckos
  70 orcs
  2 giant cockroaches
  9 goblins
  7 hobgoblins
  8 jackals
  28 kobolds
  4 quokkas
  A ball python (D:3)
  12 bats
  9 giant newts (D:1)
  12 rats
  3 fungi
  7 plants
539 creatures vanquished.

Vanquished Creatures (collateral kills)
  Vashnia (Snake:3)
  Nikola (Snake:1)
  Agnes (Snake:1)
  2 greater nagas
  Aizul (Snake:1)
  Nessos (Lair:5)
  The ghost of Galewind the Basher, a journeyman MiFi of Okawaru (Lair:1)
  Harold (Lair:2)
  8 naga warriors
  3 hydras
  2 catoblepae
  A dancing weapon (Orc:2)
  3 death yaks (Lair:8)
  6 anacondas
  8 naga sharpshooters
  2 shock serpents (Snake:1)
  Sonja (Lair:2)
  2 orc high priests (Orc:2)
  A salamander mystic (Snake:4)
  A sea snake (Snake:4)
  2 naga ritualists (Snake:4)
  A hill giant (D:10)
  5 orc knights
  A phantasmal warrior (Snake:1)
  A griffon (Lair:8)
  4 mana vipers
  2 orc sorcerers (Orc:2)
  An ugly thing (D:12)
  3 salamanders
  5 elephants
  9 naga magi
  8 black mambas
  2 guardian serpents
  A torpor snail (Lair:5)
  7 spiny frogs
  10 blink frogs
  3 komodo dragons
  A rime drake (Lair:8)
  2 trolls
  A polar bear (Lair:8)
  A two-headed ogre (Orc:2)
  2 wraiths
  A wyvern (D:13)
  A shadow (D:13)
  2 basilisks
  39 yaks
  A hippogriff (Lair:5)
  A steam dragon (Lair:7)
  A hungry ghost (D:12)
  8 wolves
  15 nagas
  7 wargs
  8 crocodiles
  7 water moccasins
  5 porcupines
  4 ice beasts
  18 orc warriors
  A necrophage (D:10)
  2 ogres
  6 centaurs
  2 big kobolds
  7 giant frogs
  A killer bee (D:11)
  A wight (D:10)
  A howler monkey (D:11)
  6 electric eels
  A hound (D:13)
  3 jellies (Lair:6)
  6 orc wizards
  5 orc priests
  2 iguanas
  2 worker ants
  14 sheep
  A mummy (D:10)
  A worker ant zombie (D:10)
  An adder (D:10)
  45 river rats
  43 orcs
  2 jackals (D:11)
  8 kobolds
  A bush (Lair:7)
  84 fungi
  47 plants
530 creatures vanquished.

Vanquished Creatures (others)
  2 profane servitors (Snake:4)
  A ghoul (Snake:4)
  2 vampire knights (Snake:4)
  2 skeletal warriors (Snake:4)
  2 flayed ghosts
  2 phantasmal warriors
  A spectral hill giant (Lair:8)
  17 flying skulls
  A wraith (Lair:7)
  3 vampires
  2 wights
  2 white imps (IceCv)
  An ufetubus (IceCv)
  An orc (D:11)
  A bush (D:6)
  12 fungi
  3 plants
55 creatures vanquished.

Grand Total: 1124 creatures vanquished

Notes
Turn   | Place    | Note
--------------------------------------------------------------
     0 | D:1      | Sargon the Troll Monk began the quest for the Orb.
     0 | D:1      | Reached XP level 1. HP: 22/22 MP: 0/0
    97 | D:1      | Reached XP level 2. HP: 29/29 MP: 1/1
   304 | D:1      | Reached XP level 3. HP: 36/36 MP: 2/2
   414 | D:1      | Reached skill level 5 in Unarmed Combat
  1008 | D:2      | Reached XP level 4. HP: 39/44 MP: 3/3
  1908 | D:3      | Reached skill level 6 in Unarmed Combat
  1958 | D:3      | Found an iron altar of Okawaru.
  2432 | D:4      | Reached XP level 5. HP: 50/50 MP: 4/4
  2613 | D:4      | Noticed Menkaure
  2620 | D:4      | Killed Menkaure
  2620 | D:4      | Reached skill level 7 in Unarmed Combat
  2620 | D:4      | Reached XP level 6. HP: 35/59 MP: 5/5
  2687 | D:4      | Noticed Sargon's ghost (weakling TrFi)
  2695 | D:4      | Killed Sargon's ghost
  2723 | D:4      | Noticed Edmund
  2737 | D:4      | Killed Edmund
  2737 | D:4      | Reached skill level 8 in Unarmed Combat
  2814 | D:4      | Found Oxuytaqu's Weapon Emporium.
  2929 | D:4      | Reached XP level 7. HP: 62/66 MP: 6/6
  3058 | D:4      | Found a shimmering altar of Xom.
  3154 | D:5      | Entered Level 5 of the Dungeon
  3160 | D:5      | Noticed Ratboiler's ghost (novice MiAr)
  3463 | D:5      | Reached skill level 9 in Unarmed Combat
  3646 | D:4      | Gained mutation: You are occasionally teleported next to monsters. [mutagenic meat]
  3669 | D:5      | Killed Ratboiler's ghost
  3669 | D:5      | Reached skill level 10 in Unarmed Combat
  3669 | D:5      | Reached XP level 8. HP: 24/74 MP: 7/7
  3953 | D:5      | Found a staircase to the Ecumenical Temple.
  3968 | D:5      | Reached skill level 11 in Unarmed Combat
  3978 | Temple   | Entered the Ecumenical Temple
  4054 | Temple   | Became a worshipper of Yredelemnul the Dark
  4054 | Temple   | Reached * piety under Yredelemnul
  4054 | Temple   | Reached ** piety under Yredelemnul
  4439 | D:6      | Found a radiant altar of Vehumet.
  4541 | D:6      | Found a blossoming altar of Fedhas.
  4671 | D:6      | Reached XP level 9. HP: 72/84 MP: 8/8
  5092 | D:7      | Reached skill level 5 in Fighting
  5258 | D:7      | Reached skill level 5 in Dodging
  5512 | D:6      | HP: 3/88 [orc/club (3)]
  6092 | D:8      | Found an ancient bone altar of Kikubaaqudgha.
  6312 | D:8      | Found a shattered altar of Ashenzari.
  6342 | D:8      | Found a burning altar of Makhleb.
  6475 | D:8      | Found a snail-covered altar of Cheibriados.
  6650 | D:8      | Reached *** piety under Yredelemnul
  6807 | D:9      | Reached XP level 10. HP: 47/100 MP: 9/9
  6942 | D:9      | Found a staircase to the Lair.
  7276 | D:9      | Received a gift from Yredelemnul
  7452 | D:9      | Noticed an orc knight
  7452 | D:9      | Noticed an orc knight
  7457 | D:9      | Killed an orc knight
  7466 | D:9      | Killed an orc knight
  7469 | D:9      | Received a gift from Yredelemnul
  7498 | D:9      | Reached **** piety under Yredelemnul
  7726 | D:9      | Received a gift from Yredelemnul
  7836 | D:9      | Noticed a centaur warrior
  8245 | D:10     | Entered Level 10 of the Dungeon
  8256 | D:10     | Reached skill level 1 in Invocations
  8420 | D:10     | Noticed a hill giant
  8455 | D:10     | Killed a hill giant
  8455 | D:10     | Reached XP level 11. HP: 79/109 MP: 10/12
  8486 | D:10     | Noticed Erica
  8492 | D:10     | Killed Erica
  8551 | D:10     | Noticed Maurice
  8770 | D:10     | Killed Maurice
  8828 | D:10     | Noticed Joseph
  8837 | D:10     | Killed Joseph
  8848 | D:10     | Gained mutation: You are dopey. (Int -2) [mutagenic meat]
  8849 | D:10     | Gained mutation: Your spells are a little easier to cast, but a little less powerful. [mutagenic meat]
  8850 | D:10     | Gained mutation: You are partially covered in icy blue scales (AC +1). [mutagenic meat]
  8851 | D:10     | Gained mutation: Your muscles are strong. (Str +2) [mutagenic meat]
  8852 | D:10     | Gained mutation: Your system is resistant to poisons. [mutagenic meat]
  9056 | D:11     | Found a frozen archway.
  9063 | D:11     | Reached skill level 5 in Invocations
  9106 | D:11     | Gained mutation: Your spells are easier to cast, but less powerful. [mutagenic meat]
  9107 | D:11     | Lost mutation: You are occasionally teleported next to monsters. [mutagenic meat]
  9108 | D:11     | Gained mutation: Scrolls take you a little longer to read. [mutagenic meat]
  9110 | D:11     | Lost mutation: Your spells are easier to cast, but less powerful. [mutagenic meat]
  9165 | IceCv    | Entered an ice cave
  9220 | IceCv    | Received a gift from Yredelemnul
  9857 | IceCv    | Gained mutation: You passively map a small area around you. [potion of mutation]
  9857 | IceCv    | Gained mutation: You occasionally shout uncontrollably at your foes. [potion of mutation]
  9857 | IceCv    | Gained mutation: Your body sometimes deteriorates upon taking damage. [potion of mutation]
 10232 | D:11     | Noticed a hill giant
 10246 | D:11     | Killed a hill giant
 10307 | D:11     | Noticed Josephine
 10318 | D:11     | Killed Josephine
 10373 | D:11     | Reached XP level 12. HP: 99/120 MP: 18/18
 10396 | D:11     | Gained mutation: Your body often deteriorates upon taking damage. [potion of mutation]
 10396 | D:11     | Gained mutation: You are mostly covered in icy blue scales (AC +3, EV -1). [potion of mutation]
 10459 | D:11     | Reached ***** piety under Yredelemnul
 10459 | D:11     | Reached skill level 10 in Invocations
 10461 | D:11     | Received a gift from Yredelemnul
 10570 | D:11     | Found a staircase to the Orcish Mines.
 10678 | D:11     | Found Vissufid's Book Shop.
 11119 | D:11     | Received a gift from Yredelemnul
 11452 | D:12     | Found a shadowy altar of Dithmenos.
 11871 | D:12     | Lost mutation: Your system is resistant to poisons. [mutagenic meat]
 11874 | D:12     | Gained mutation: You are occasionally teleported next to monsters. [mutagenic meat]
 11876 | D:12     | Gained mutation: Your skin changes colour to match your surroundings (Stealth). [mutagenic meat]
 11887 | D:12     | Received a gift from Yredelemnul
 12556 | D:13     | Found a gate to the Vaults.
 12697 | D:13     | Received a gift from Yredelemnul
 13026 | D:13     | Noticed a centaur warrior
 13044 | D:13     | Killed a centaur warrior
 13079 | D:13     | Noticed a centaur warrior
 13086 | D:13     | Killed a centaur warrior
 13348 | Lair:1   | Entered Level 1 of the Lair of Beasts
 13365 | Lair:1   | Received a gift from Yredelemnul
 13750 | Lair:1   | Reached XP level 13. HP: 127/127 MP: 21/21
 14045 | Lair:1   | Noticed Galewind's ghost (journeyman MiFi)
 14058 | Lair:1   | Killed Galewind's ghost
 14545 | Lair:2   | Noticed Sonja
 14554 | Lair:2   | Killed Sonja
 14768 | Lair:2   | Noticed Harold
 14780 | Lair:2   | Killed Harold
 15189 | Lair:2   | Reached ****** piety under Yredelemnul
 15774 | Lair:3   | Received a gift from Yredelemnul
 15932 | Lair:3   | Reached skill level 12 in Unarmed Combat
 16001 | Lair:3   | Reached skill level 1 in Shields
 16541 | Lair:3   | Received a gift from Yredelemnul
 16802 | Lair:4   | Found a staircase to the Snake Pit.
 17118 | Lair:4   | Received a gift from Yredelemnul
 17126 | Lair:4   | Received a gift from Yredelemnul
 17638 | Lair:5   | Received a gift from Yredelemnul
 17644 | Lair:5   | Received a gift from Yredelemnul
 17645 | Lair:5   | Found a staircase to the Shoals.
 17710 | Lair:5   | Noticed Nessos
 17717 | Lair:5   | Killed Nessos
 17794 | Lair:5   | Reached skill level 5 in Shields
 18485 | Lair:6   | Received a gift from Yredelemnul
 18520 | Lair:6   | Gained mutation: You have large cloven feet. [potion of mutation]
 18595 | Lair:6   | Found a staircase to the Slime Pits.
 18831 | Lair:6   | Received a gift from Yredelemnul
 19580 | Lair:7   | Found a labyrinth entrance.
 19595 | Lab      | Entered a labyrinth
 20488 | Lab      | Noticed a minotaur
 20500 | Lab      | Killed a minotaur
 20901 | Lair:8   | Entered Level 8 of the Lair of Beasts
 20953 | Lair:8   | Reached XP level 14. HP: 136/136 MP: 23/23
 21658 | Lair:8   | Received a gift from Yredelemnul
 22234 | Orc:1    | Entered Level 1 of the Orcish Mines
 22431 | Orc:1    | Reached skill level 13 in Unarmed Combat
 22525 | Orc:2    | Entered Level 2 of the Orcish Mines
 22545 | Orc:2    | Found a dark tunnel.
 22551 | Volcano  | Entered a volcano
 22814 | Orc:2    | Noticed Snorg
 22825 | Orc:2    | Killed Snorg
 22940 | Orc:2    | Found Piw Atuo's Book Shoppe.
 22951 | Orc:2    | Received a gift from Yredelemnul
 23037 | Orc:2    | Found Nocre's Antique Weapon Boutique.
 23037 | Orc:2    | Noticed an orc warlord
 23051 | Orc:2    | Killed an orc warlord
 23051 | Orc:2    | Enslaved an orc warlord
 23159 | Orc:2    | Found Lomal's General Store.
 23165 | Orc:2    | Lost intelligence.
 23170 | Orc:2    | Received a gift from Yredelemnul
 23292 | Orc:2    | Received a gift from Yredelemnul
 23301 | Orc:2    | Found Codanes's Antique Armour Boutique.
 23305 | Orc:2    | Found a staircase to the Elven Halls.
 23396 | Orc:2    | Bought an uncursed amulet of regeneration for 420 gold pieces
 23859 | Snake:1  | Entered Level 1 of the Snake Pit
 23859 | Snake:1  | Noticed Nikola
 23860 | Snake:1  | Noticed Agnes
 23867 | Snake:1  | Noticed Aizul
 23867 | Snake:1  | Killed Nikola
 23867 | Snake:1  | Reached skill level 14 in Unarmed Combat
 23870 | Snake:1  | Killed Agnes
 23875 | Snake:1  | Killed Aizul
 23883 | Snake:1  | Lost mutation: Scrolls take you a little longer to read. [mutagenic meat]
 23886 | Snake:1  | Lost mutation: You occasionally shout uncontrollably at your foes. [mutagenic meat]
 23887 | Snake:1  | Gained mutation: You are robust (+10% HP). [mutagenic meat]
 23949 | Snake:1  | Identified a scroll of acquirement
 23994 | Snake:1  | Noticed Asterion
 24004 | Snake:1  | Killed Asterion
 24004 | Snake:1  | Enslaved Asterion
 24263 | Snake:1  | Reached skill level 15 in Unarmed Combat
 24736 | Snake:2  | Received a gift from Yredelemnul
 24804 | Snake:2  | Got a warped granite ring
 24806 | Snake:2  | Identified the ring of the Snail {rElec rPois rF+ Str+3} (You found it on level 2 of the Snake Pit)
 25304 | Snake:3  | Reached XP level 15. HP: 138/159 MP: 24/24
 25462 | Snake:3  | Received a gift from Yredelemnul
 25629 | Snake:3  | Noticed a greater naga
 25636 | Snake:3  | Killed a greater naga
 25876 | Snake:3  | Noticed Vashnia
 25904 | Snake:3  | Killed Vashnia
 26071 | Snake:3  | Found an opulent altar of Gozag.
 26187 | Snake:4  | Entered Level 4 of the Snake Pit
 26217 | Snake:4  | Noticed a greater naga
 26217 | Snake:4  | Noticed a greater naga
 26217 | Snake:4  | Reached skill level 10 in Fighting
 26218 | Snake:4  | Noticed a greater naga
 26228 | Snake:4  | Received a gift from Yredelemnul
 26229 | Snake:4  | Killed a greater naga
 26245 | Snake:4  | Slain by a greater naga

Vault maps used:
D:1:      dpeg_arrival_more_subterranean_lakeside_camping, minmay_newt_pond
D:2:      item_on_display_a
D:3:      minmay_door_path, okawaru_trees_2, st_stairs_11
D:4:      lemuel_coloured_pillars_altar, serial_shops, shop,
          hangedman_abyss_or_decor_jellyfish_corner, st_stairs_6, uniq_edmund,
          uniq_menkaure
D:5:      minmay_temple_entry_poolview, first_bread
D:6:      vehumet_crystals, fedhas_bush_and_centaur_altar, hangedman_decor_push
D:8:      kennysheep_little_box, lemuel_doored_altar, makhleb_heckhound_becter,
          kiku_gazebo_garden_becter
D:9:      lemuel_castle_with_subvaults, lair_0_dummy
D:10:     serial_undead, serial_undead_f, serial_undead_a, serial_undead_b,
          serial_undead_c, uniq_erica, uniq_joseph, uniq_maurice
D:11:     david_orc_3, portal_ice_cave_entry_ice_beasts, serial_shops, shop,
          uniq_josephine
D:12:     basic_altar
D:13:     david_vaults_4, grunt_tengu_nest, hive_lemuel
Temple:   minmay_crystal_spiral_temple_12
Lair:1:   dpeg_stationary_puzzle
Lair:2:   serial_bayou_shore_a, infiniplex_staircase_pool, uniq_harold,
          uniq_sonja
Lair:3:   serial_bayou_shore_b, infiniplex_staircase_pool_2
Lair:4:   dummy_snake_entry
Lair:5:   minmay_shoals_entry_centaurs, st_stairs_13, grunt_megastairs_5,
          uniq_nessos
Lair:6:   minmay_slime_entry_pillars
Lair:7:   lab_entry_generic
Lair:8:   evilmike_catoblepas_cave
Snake:1:  guppyfry_snake_island, uniq_nikola, uniq_aizul, uniq_asterion,
          uniq_agnes
Snake:2:  basic_stair_grate_trap
Snake:3:  basic_altar, grunt_megastairs_1, lemuel_fruit_tree, uniq_vashnia
Snake:4:  snake_pit, serial_bayou, serial_bayou_ford_a, serial_bayou_pond_b,
          serial_bayou_shore_b, serial_bayou_pond_e, grunt_megastairs_4
Orc:2:    grunt_orc_gardens, grunt_orc_garden, grunt_orc_garden,
          grunt_orc_garden, grunt_orc_garden, nicolae_volcano_entry_lava_flow,
          uniq_snorg
Lab:      labyrinth_spiral, nicolae_lab_blocks, nicolae_lab_garden,
          nicolae_lab_x
IceCv:    ice_cave_small_demon
Volcano:  volcano_aerie

Skill      XL: |  1  2  3  4  5  6  7  8  9 10 11 12 13 14 15 |
---------------+----------------------------------------------+-----
Unarmed Combat | 5 6 7 8 10 11 12 15 | 15.1
Fighting       | 4 6 8 10 | 10.5
Dodging        | 3 6 8 |  8.0
Invocations    | 2 9 13 | 13.4
Shields        | 7 9 |  9.1
Stealth        | |  1.1

Action                   |  1- 3 |  4- 6 |  7- 9 | 10-12 | 13-15 || total
-------------------------+-------+-------+-------+-------+-------++-------
Melee: Unarmed           |   100 |   135 |   305 |   730 |   657 ||  1927
Invok: Recall Undead Sla |       |       |       |     3 |    21 ||    24
       Enslave Soul      |       |       |       |     1 |     3 ||     4
       Injury Mirror     |       |       |       |       |     1 ||     1
       Animate Dead      |       |       |       |       |     1 ||     1
       Drain Life        |       |       |       |       |     1 ||     1
Evoke: Wand              |       |       |       |       |     1 ||     1
  Use: Potion            |       |       |       |    13 |     7 ||    20
       Scroll            |       |       |       |     1 |    22 ||    23
 Stab: Sleeping          |     3 |     2 |     2 |     5 |    19 ||    31
       Distracted        |       |       |       |     8 |     9 ||    17
       Confused          |       |       |       |       |     2 ||     2
  Eat: Chunk             |    15 |    17 |    36 |    81 |   108 ||   257
       Fruit             |       |       |       |     1 |       ||     1
       Pizza             |       |       |       |       |     2 ||     2
       Meat ration       |       |       |       |       |     1 ||     1
       Royal jelly       |       |       |       |       |     1 ||     1
       Beef jerky        |       |       |       |       |     1 ||     1
